 Dungeon Crawl Stone Soup version 0.23.2-30-g0e89c35 (webtiles) character file.

Game seed: 2943441775978863783

2446 Fang the Skirmisher (level 9, -11/57 HPs)
             Began as a Gargoyle Berserker on June 7, 2019.
             Was an Elder of Trog.
             Mangled by an orc warrior
             ... wielding a +0 glaive
              (18 damage)
             ... on level 6 of the Dungeon on June 10, 2019.
             The game lasted 00:06:48 (5811 turns).

Fang the Skirmisher (Gargoyle Berserker)            Turns: 5811, Time: 00:06:49

Health: -11/57     AC: 22    Str: 24    XL:     9   Next: 49%
Magic:  9/9        EV:  9    Int:  8    God:    Trog [****..]
Gold:   244        SH:  0    Dex:  9    Spells: 8/8 levels left

rFire    . . .     SeeInvis +   a - +0 battleaxe
rCold    . . .     Gourm    .   (shield currently unavailable)
rNeg     + . .     Faith    .   b - +0 plate armour
rPois    ∞         Spirit   .   (no helmet)
rElec    +         Reflect  .   (no cloak)
rCorr    .         Harm     .   (no gloves)
MR       +....                  g - +2 pair of boots
Stlth    ..........             (no amulet)
HPRegen  0.19/turn              o - ring of protection from magic
MPRegen  0.11/turn              s - ring of see invisible

@: berserk cooldown, slowed, very slow
A: negative energy resistance 1, electricity resistance, unbreathing,
petrification resistance, rot immunity, AC +6
a: Berserk, Trog's Hand, Brothers in Arms, Renounce Religion


You were on level 6 of the Dungeon.
You worshipped Trog.
Trog was greatly pleased with you.
You were hungry.

You visited 2 branches of the dungeon, and saw 7 of its levels.
You also visited: Ossuary.

You collected 244 gold pieces.

Inventory:

Hand Weapons
 a - a +0 battleaxe (weapon)
Armour
 b - a +0 plate armour (worn)
 g - a +2 pair of boots (worn)
Jewellery
 o - a ring of protection from magic (left hand)
 s - a ring of see invisible (right hand)
 y - a cursed ring of teleportation {unknown}
 B - a +4 ring of dexterity {unknown}
 D - a +5 ring of protection {unknown}
 E - an uncursed ring of resist corrosion {unknown}
Wands
 t - a wand of random effects (16)
Scrolls
 d - 14 scrolls of identify {unknown}
 e - 2 scrolls of fear {unknown}
 f - 6 scrolls of teleportation {unknown}
 h - 2 scrolls of fog {unknown}
 m - 3 scrolls of enchant armour {unknown}
 n - 5 scrolls of remove curse {unknown}
 u - 3 scrolls of enchant weapon {unknown}
 v - a scroll of amnesia {unknown}
 x - 3 scrolls of magic mapping {unknown}
 z - a scroll of immolation {unknown}
 G - a scroll of noise {unknown}
 H - a scroll of acquirement {unknown}
Potions
 i - 6 potions of ambrosia {unknown}
 j - a potion of resistance {unknown}
 k - a potion of lignification {unknown}
 l - a potion of brilliance {unknown}
 p - a potion of berserk rage {unknown}
 q - 5 potions of heal wounds {unknown}
 r - a potion of cancellation {unknown}
 w - 2 potions of might {unknown}
 A - 5 potions of curing {unknown}
 C - 3 potions of flight {unknown}
 F - 2 potions of mutation {unknown}
Comestibles
 c - 8 rations
 I - 4 chunks of flesh


   Skills:
 + Level 7.6 Fighting
 + Level 6.3 Axes
 + Level 7.1 Armour
 + Level 5.4 Dodging


You had 8 spell levels left.
You didn't know any spells.
Your spell library was empty.

Dungeon Overview and Level Annotations

Branches:
Dungeon (6/15)             Temple (1/1) D:5

Altars:
Dithmenos
Hepliaklqana
Kikubaaqudgha
Xom
Yredelemnul

Shops:
D:6 [

Annotations:
D:5 3 runed translucent doors, Zoluppo's ghost, novice OpTm


Innate Abilities, Weirdness & Mutations

You are resistant to torment.
Your stone body is resilient. (AC +6)
You are immune to poison.
You resist negative energy. (rN+)
You are resistant to electric shocks. (rElec)
You can survive without breathing.
You are immune to petrification.
You are immune to rotting.


Message History

You closely miss the orc warrior.
The orc warrior is almost dead.
The orc warrior hits you with a +0 glaive!
* * * LOW HITPOINT WARNING * * *
You closely miss the orc warrior.
The orc warrior is almost dead.
The orc warrior hits you but does no damage.
You closely miss the orc warrior.
The orc warrior is almost dead.
You are no longer berserk.
You are exhausted.
You feel yourself slow down.
The orc warrior hits you with a +0 glaive!
* * * LOW HITPOINT WARNING * * *
You closely miss the orc warrior.
The orc warrior is almost dead.
You slash the hound zombie!
The hound zombie bites you but does no damage. x2
The orc warrior hits you with a +0 glaive!!
You die...

#.###########.....
#.# #########.....
#.# ..............
#)# .########.....
#.##.# ##....
#....# ##.#.
#######..# ..#.
#....†...# #..#.
#.#.#@#).# #..#.
#...o.Z..# #.
#..#.#.#..# #.
#.........# ...
#..#.#.#..# ##.
#.........#
#.###.##... #. ..
....


You could see an orc warrior and a hound zombie.

Vanquished Creatures
  A hippogriff (D:6)
  2 ice beasts
  An orc warrior (D:6)
  A sky beast (D:6)
  An ogre (D:6)
  2 centaurs (D:5)
  Blork the orc (D:6)
  A bullfrog (D:5)
  5 wights (D:6)
  2 howler monkeys (D:6)
  A crimson imp (D:6)
  A jelly (D:6)
  A centaur zombie (Ossuary)
  4 hounds
  An orc priest (D:6)
  4 bullfrog zombies
  An iguana (D:6)
  12 mummies (Ossuary)
  6 orc wizards
  2 worker ants (D:4)
  A killer bee zombie (D:5)
  2 hound zombies (Ossuary)
  4 howler monkey zombies (Ossuary)
  6 worker ant zombies
  9 adders
  3 gnolls (D:3)
  2 oozes
  2 adder zombies (Ossuary)
  2 adder skeletons (D:5)
  2 worms
  2 dart slugs (D:1)
  6 leopard geckos
  10 orcs
  A ball python (D:1)
  9 giant cockroaches
  6 goblins
  7 hobgoblins
  4 jackals
  10 kobolds
  4 quokkas
  4 bats
  3 frilled lizards
  A giant cockroach zombie (Ossuary)
  4 leopard gecko zombies (Ossuary)
  A quokka skeleton (D:5)
  A quokka zombie (Ossuary)
  6 rats
162 creatures vanquished.

Notes
Turn   | Place    | Note
-------+----------+-------------------------------------------
     0 | D:1      | Fang the Gargoyle Berserker began the quest for the Orb.
     0 | D:1      | Reached XP level 1. HP: 14/14 MP: 1/1
   106 | D:1      | Reached XP level 2. HP: 12/19 MP: 2/2
   358 | D:1      | Reached XP level 3. HP: 23/23 MP: 3/3
   402 | D:1      | Reached ** piety under Trog
   663 | D:2      | Reached XP level 4. HP: 16/29 MP: 4/4
  1353 | D:3      | Reached XP level 5. HP: 19/33 MP: 5/5
  1687 | D:3      | Reached *** piety under Trog
  2410 | D:4      | Reached XP level 6. HP: 39/39 MP: 6/6
  2739 | D:5      | Entered Level 5 of the Dungeon
  2812 | D:5      | Found a hazy altar of Hepliaklqana.
  3009 | D:5      | Reached skill level 5 in Fighting
  3021 | D:5      | Reached XP level 7. HP: 35/44 MP: 7/7
  3054 | D:5      | Found a runed translucent gate.
  3054 | D:5      | Found a runed translucent gate.
  3054 | D:5      | Found a runed translucent gate.
  3060 | D:5      | Noticed Zoluppo's ghost (novice OpTm)
  3314 | D:5      | Found a staircase to the Ecumenical Temple.
  3335 | Temple   | Entered the Ecumenical Temple
  3560 | D:5      | Reached skill level 5 in Armour
  3975 | D:6      | Reached XP level 8. HP: 51/51 MP: 8/8
  3978 | D:6      | Reached skill level 5 in Axes
  4038 | D:6      | Found Ukhloakh's Antique Armour Emporium.
  4075 | D:6      | Noticed a hippogriff
  4100 | D:6      | Killed a hippogriff
  4169 | D:6      | Found a sand-covered staircase.
  4175 | Ossuary  | Entered an ossuary
  4215 | Ossuary  | Reached **** piety under Trog
  4469 | Ossuary  | Reached XP level 9. HP: 48/56 MP: 9/9
  4768 | Ossuary  | Reached skill level 5 in Dodging
  5410 | D:6      | Noticed Blork the orc
  5425 | D:6      | Killed Blork the orc
  5811 | D:6      | Mangled by an orc warrior

Skill      XL: |  1  2  3  4  5  6  7  8  9 |
---------------+----------------------------+-----
Axes           | 3 4 5 6 |  6.3
Dodging        | 2 3 4 5 |  5.4
Armour         | 3 4 5 6 7 |  7.1
Fighting       | 4 5 6 7 |  7.6

Action                   |  1- 3 |  4- 6 |  7- 9 || total
-------------------------+-------+-------+-------++-------
Melee: Hand axe          |   122 |   277 |   485 ||   884
       Battleaxe         |       |       |    39 ||    39
Invok: Berserk           |       |       |     7 ||     7
  Eat: Chunk             |       |     7 |     6 ||    13
       Ration            |       |       |     3 ||     3
Armor: Animal skin       |    51 |   139 |    17 ||   207
       Chain mail        |       |       |   265 ||   265
       Plate armour      |       |       |    33 ||    33
Dodge: Dodged            |   105 |   192 |   257 ||   554
